 Dungeon Crawl Stone Soup version 0.23-a0-644-gb60d84b (webtiles) character file.

7670 Lanoc the Martial Artist (level 10, -1/73 HPs)
             Began as a Demonspawn Chaos Knight on Jan 1, 2019.
             Was a High Priest of Hepliaklqana.
             Slain by an orc warrior
             ... wielding a +0 war axe
              (24 damage)
             ... in a bailey.
             The game lasted 00:28:57 (8814 turns).

Lanoc the Martial Artist (Demonspawn Chaos Knight)  Turns: 8814, Time: 00:28:58

Health: -1/73      AC: 14    Str: 14    XL:     10   Next: 99%
Magic:  10/10      EV: 13    Int: 14    God:    Hepliaklqana [*****.]
Gold:   504        SH:  0    Dex: 16    Spells: 9/9 levels left

rFire    . . .     SeeInvis +     - Unarmed
rCold    . . .     Gourm    .   (no shield)
rNeg     + . .     Faith    .   e - +4 scale mail "Diun" {+Blink rPois}
rPois    +         Spirit   .   (helmet restricted)
rElec    .         Reflect  .   (no cloak)
rCorr    .         Harm     .   (no gloves)
MR       .....                  (no boots)
Stlth    ..........             (no amulet)
HPRegen  0.22/turn              a - ring of positive energy
MPRegen  0.12/turn              t - ring of see invisible

@: studying Earth Magic
A: reduced essence, antennae 1, molten scales 1, agile 1, blink, powered by pain
2, spiny 3
a: Blink, Recall Ancestor, Ancestor Identity, Transference, Idealise, Renounce
Religion, Evoke Blink


You were in a bailey.
You worshipped Hepliaklqana.
Hepliaklqana was extremely pleased with you.
You were not hungry.

You visited 2 branches of the dungeon, and saw 10 of its levels.
You also visited: Bailey.

You collected 504 gold pieces.

Inventory:

Hand Weapons
 r - a +1 vampiric battleaxe
 u - the +7 flail of Xehififf {antimagic, rC+++ Str+4 Int+3 Dex-3}
   (You found it on level 7 of the Dungeon)

   It reduces the magical energy of the wielder, and disrupts the spells and
   magical abilities of those hit.
   Natural abilities and divine invocations are not affected.
   It affects your strength (+4).
   It affects your intelligence (+3).
   It affects your dexterity (-3).
   It renders you almost immune to cold.
Armour
 e - the +4 scale mail "Diun" (worn) {+Blink rPois}
   (You took it off an orc on level 4 of the Dungeon)

   It protects you from poison.
   It lets you blink.
Jewellery
 a - a ring of positive energy (left hand)
 t - a ring of see invisible (right hand)
 z - an uncursed ring of flight
Wands
 q - a wand of iceblast (3)
 v - a wand of polymorph (4)
 x - a wand of paralysis (8)
 y - a wand of flame (11)
Scrolls
 d - a scroll of magic mapping
 f - a scroll of immolation
 g - 6 scrolls of remove curse
 h - 2 scrolls of fear
 j - 3 scrolls of enchant weapon
 k - a scroll of amnesia
 l - a scroll of identify
 p - 2 scrolls of blinking
 w - 3 scrolls of teleportation
 C - a scroll of fog
 E - a scroll of enchant armour
Potions
 c - a potion of curing
 i - a potion of cancellation
 m - 3 potions of brilliance
 n - 4 potions of haste
 o - a potion of heal wounds
 s - a potion of might
 A - a potion of berserk rage
 F - a potion of resistance
Books
 B - a manual of Earth Magic
Comestibles
 b - 15 rations


   Skills:
 + Level 8.5 Fighting
 + Level 7.5 Armour
 + Level 7.2 Dodging
 * Level 9.7 Unarmed Combat


You had 9 spell levels left.
You didn't know any spells.
Your spell library contained the following spells:

 Spells                   Type           Power        Failure   Level  Hunger
 Animate Skeleton         Necr           N/A          71%         1    ##.....
 Flame Tongue             Conj/Fire      #....        71%         1    ##.....
 Pain                     Necr           #...         71%         1    ##.....
 Shock                    Conj/Air       #...         71%         1    ##.....
 Swiftness                Chrm/Air       #.......     83%         2    ###....
 Throw Flame              Conj/Fire      #.....       83%         2    ###....
 Conjure Flame            Conj/Fire      #.......     97%         3    ####...
 Inner Flame              Hex/Fire       #.......     97%         3    ####...
 Regeneration             Chrm/Necr      #.........   97%         3    ####...
 Static Discharge         Conj/Air       #.......     97%         3    ####...
 Vampiric Draining        Necr           #.........   97%         3    ####...
 Airstrike                Air            #.........   100%        4    #####..
 Animate Dead             Necr           N/A          100%        4    #####..
 Sticky Flame             Conj/Fire      #.......     100%        4    #####..
 Fireball                 Conj/Fire      #.........   100%        5    ######.
 Lightning Bolt           Conj/Air       #.........   100%        5    ######.


Dungeon Overview and Level Annotations

Branches:
Dungeon (9/15)             Temple (1/1) D:6            Lair (0/6) D:8
    Orc: D:9-12

Altars:
Ashenzari
Cheibriados
Dithmenos
Elyvilon
Gozag
Hepliaklqana
Makhleb
Nemelex Xobeh
Okawaru
Qazlal
Ru
Trog
Vehumet
Wu Jian
Xom
Yredelemnul
Zin
The Shining One

Shops:
D:5 *


Innate Abilities, Weirdness & Mutations

You have a pair of small antennae on your head.
You are partially covered in molten scales. (AC +2)
You sometimes gain power by taking damage.
You are completely covered in sharp spines.
Your life essence is reduced to manifest your ancestor. (-10% HP)
You are agile. (Dex +2)
You can translocate small distances at will.


Message History

The orc knight roars a battlecry!
The orc warrior goes into a battle-frenzy!
Items here: )) [[ a +0 war axe; a +0 leather armour; a +0 war axe; a +0 leather armour
Things that are here:
a +0 hand axe; a +0 leather armour The goblin shouts!
The orc warlord no longer looks unusually strong.
There is an open door, spattered with blood here.
Things that are here:
a cursed -2 hand axe; a +0 leather armour The goblin barely misses you.
The goblin is struck by your spines.
You kill the goblin!
The orc warlord roars a battlecry!
The orc warriors go into a battle-frenzy!
The orc warlord roars a battlecry!
The orc warrior is struck by your spines.
The orc warrior hits you with a +0 war axe!!
You die...

#.........#
##.........#
#######....)))....
##.....##.........#
#.......'...o.....'
##....).)##.......##
#.....))).#.......#.
##.....).).##.....##.
#...@o⌠.....#######..
##...o.....## ##.
#..o).....# #.
##.......## ##
#.......# # ##.....##
# ##o####...........
##)g)..##o..go....#
#.)))...#go...g...#


You could see an orc warlord, 3 orc warriors and a gnoll.

Vanquished Creatures
  Pikel (D:5)
  A troll (D:6)
  A porcupine (D:8)
  3 ice beasts
  4 orc warriors (Bailey)
  A sky beast (D:8)
  A slave (D:5)
  4 black bears
  A necrophage (D:9)
  An eye of draining (D:8)
  4 ogres
  5 centaurs (D:6)
  2 crocodiles
  A big kobold (D:8)
  Blork the orc (D:5)
  11 bullfrogs
  A water moccasin skeleton (D:5)
  A howler monkey (D:4)
  6 wights
  A crimson imp (D:5)
  3 centaur zombies
  A hound (D:7)
  2 centaur skeletons (D:6)
  A jelly (D:6)
  An orc priest (D:5)
  2 orc wizards
  A bullfrog skeleton (D:8)
  2 iguanas
  3 worker ants
  3 hound skeletons
  A howler monkey zombie (D:7)
  A worker ant zombie (D:6)
  18 gnolls
  7 adders
  2 shadow imps (D:6)
  An ooze (D:5)
  An adder zombie (D:8)
  A worm (D:2)
  A dart slug (D:1)
  2 leopard geckos (D:8)
  28 orcs
  8 giant cockroaches
  20 goblins
  15 hobgoblins
  14 jackals
  16 kobolds
  5 quokkas
  2 ball pythons
  6 bats
  3 frilled lizards
  A jackal skeleton (D:6)
  A leopard gecko zombie (D:5)
  10 rats
234 creatures vanquished.

Vanquished Creatures (collateral kills)
  Erica (D:8)
  A merfolk (D:9)
  Sigmund (D:5)
  A yak (D:8)
  Edmund (D:5)
  A porcupine (D:8)
  A sky beast (D:9)
  4 orc warriors (Bailey)
  A black bear (D:8)
  An ice beast (D:5)
  5 wights
  2 crimson imps
  A hound (D:8)
  An orc priest (D:3)
  2 centaur skeletons
  3 orc wizards
  Ijyb (D:5)
  A worker ant zombie (D:9)
  4 gnolls (Bailey)
  2 adders
  A shadow imp (D:5)
  3 worms
  15 orcs
  A bat (D:2)
  3 goblins (Bailey)
  2 hobgoblins (D:3)
  A jackal (D:4)
  A kobold (D:2)
  A rat (D:2)
63 creatures vanquished.

Vanquished Creatures (others)
  5 dream sheep (D:9)
  2 battlemagi (Bailey)
  An ancestor (D:2)
  11 fungi (D:8)
  A plant (D:8)
20 creatures vanquished.

Grand Total: 317 creatures vanquished

Notes
Turn   | Place    | Note
-------+----------+-------------------------------------------
     0 | D:1      | Lanoc the Demonspawn Chaos Knight began the quest for the
                  | Orb.
     0 | D:1      | Reached XP level 1. HP: 18/18 MP: 1/1
    52 | D:1      | Reached skill level 1 in Dodging
    53 | D:1      | XOM: harmless Tloc miscast
   110 | D:1      | Gained mutation: You are partially covered in sharp spines.
                  | [demonic ancestry]
   110 | D:1      | Reached XP level 2. HP: 23/24 MP: 2/2
   578 | D:1      | Reached skill level 3 in Unarmed Combat
   582 | D:1      | XOM: harmless Chrm miscast
   609 | D:1      | Gained mutation: You are mostly covered in sharp spines.
                  | [demonic ancestry]
   609 | D:1      | Reached XP level 3. HP: 13/29 MP: 3/3
   648 | D:1      | XOM: cloud trail
  1097 | D:2      | Found a faded altar of an unknown god.
  1124 | D:2      | Fell from the grace of Xom
  1124 | D:2      | Became a worshipper of Hepliaklqana the Forgotten
  1124 | D:2      | Reached * piety under Hepliaklqana
  1131 | D:2      | Found a shadowy altar of Dithmenos.
  1336 | D:2      | Gained mutation: You are partially covered in molten
                  | scales. (AC +2) [demonic ancestry]
  1336 | D:2      | Reached XP level 4. HP: 19/31 MP: 4/4
  1376 | D:2      | XOM: noise
  1534 | D:2      | XOM: summons 4 hostile shadow creatures
  1792 | D:2      | Found a shattered altar of Ashenzari.
  2266 | D:3      | XOM: 4-stop teleportation journey
  2310 | D:3      | Reached ** piety under Hepliaklqana
  2319 | D:3      | Remembered your ancestor Eadwine as a battlemage
  2363 | D:3      | XOM: medium Pois miscast
  2478 | D:3      | Gained mutation: You sometimes gain a little power by
                  | taking damage. [demonic ancestry]
  2478 | D:3      | Reached XP level 5. HP: 10/37 MP: 5/5
  2547 | D:3      | XOM: noise
  2645 | D:3      | XOM: give mutations
  2645 | D:3      | Gained mutation: You are agile. (Dex +2) [Xom's grace]
  2645 | D:3      | Gained mutation: You have a pair of small horns on your
                  | head. [Xom's grace]
  2645 | D:3      | Gained mutation: You can translocate small distances at
                  | will. [Xom's grace]
  2850 | D:4      | XOM: noise
  2921 | D:4      | Identified the +4 scale mail "Diun" {+Blink rPois}
  2946 | D:4      | Reached XP level 6. HP: 41/43 MP: 6/6
  3133 | D:4      | Reached skill level 4 in Unarmed Combat
  3318 | D:4      | XOM: mild Air miscast
  3489 | D:4      | XOM: noise
  3651 | D:5      | Entered Level 5 of the Dungeon
  3651 | D:5      | Reached *** piety under Hepliaklqana
  3661 | D:5      | Noticed an ice beast
  3671 | D:5      | Killed an ice beast
  3672 | D:5      | Noticed Sigmund
  3678 | D:5      | Noticed Blork the orc
  3689 | D:5      | Killed Sigmund
  3689 | D:5      | Lost mutation: You have a pair of small horns on your head.
                  | [demonic ancestry]
  3689 | D:5      | Gained mutation: You have a pair of small antennae on your
                  | head. [demonic ancestry]
  3689 | D:5      | Reached XP level 7. HP: 25/49 MP: 7/7
  3695 | D:5      | Reached skill level 5 in Fighting
  3700 | D:5      | Killed Blork the orc
  3950 | D:5      | Found an opulent altar of Gozag.
  3955 | D:5      | Found Gozag's Platinum Reserve.
  3996 | D:5      | Noticed Edmund
  4004 | D:5      | Killed Edmund
  4004 | D:5      | Reached skill level 5 in Unarmed Combat
  4004 | D:5      | Reached XP level 8. HP: 46/56 MP: 8/8
  4089 | D:5      | Noticed Ijyb
  4106 | D:5      | Killed Ijyb
  4386 | D:5      | XOM: medium Fire miscast
  4556 | D:5      | Reached skill level 5 in Armour
  4606 | D:5      | XOM: noise
  4680 | D:5      | Noticed Pikel
  4701 | D:5      | Killed Pikel
  4701 | D:5      | Reached skill level 5 in Dodging
  4701 | D:5      | Reached skill level 6 in Unarmed Combat
  4793 | D:6      | XOM: harmless Tloc miscast
  4814 | D:6      | XOM: harmless Conj miscast
  4977 | D:6      | Gained mutation: You are completely covered in sharp
                  | spines. [demonic ancestry]
  4977 | D:6      | Reached XP level 9. HP: 40/63 MP: 9/9
  5187 | D:6      | Reached **** piety under Hepliaklqana
  5313 | D:6      | Found a staircase to the Ecumenical Temple.
  5327 | Temple   | Entered the Ecumenical Temple
  5621 | D:6      | Noticed a troll
  5635 | D:6      | XOM: silly message
  5641 | D:6      | Killed a troll
  5641 | D:6      | Reached skill level 7 in Unarmed Combat
  5966 | D:6      | XOM: silly message
  6007 | D:6      | Found a stormy altar of Qazlal.
  6563 | D:7      | Found a white marble altar of Elyvilon.
  6615 | D:7      | XOM: noise
  6751 | D:7      | Found a sacrificial altar of Ru.
  6844 | D:7      | Got a crystal flail
  6845 | D:7      | Identified the +7 flail of Xehififf {antimagic, rC+++ Str+4
                  | Int+3 Dex-3} (You found it on level 7 of the Dungeon)
  6867 | D:7      | XOM: noise
  6924 | D:8      | Reached skill level 8 in Unarmed Combat
  6940 | D:8      | Gained mutation: You sometimes gain power by taking damage.
                  | [demonic ancestry]
  6940 | D:8      | Reached XP level 10. HP: 58/71 MP: 1/10
  6951 | D:8      | Found a staircase to the Lair.
  7323 | D:8      | Noticed Erica
  7331 | D:8      | Killed Erica
  7384 | D:8      | Found a burning altar of Makhleb.
  7434 | D:8      | Reached skill level 9 in Unarmed Combat
  7635 | D:8      | XOM: medium Fire miscast
  7664 | D:8      | Reached ***** piety under Hepliaklqana
  7822 | D:9      | Found an iron altar of Okawaru.
  7862 | D:9      | Found a shimmering altar of Xom.
  7957 | D:9      | Found a flagged portal.
  8091 | Bailey   | Entered a bailey
  8716 | Bailey   | Noticed an orc warlord
  8716 | Bailey   | Noticed an orc knight
  8814 | Bailey   | Slain by an orc warrior

Vault maps used:
D:1:      elethiomel_arrival_infinity_welcomes_careful_drivers
D:2:      overflow_temple_1_default, grunt_dithmenos_smoke_and_mirrors,
          first_ration, chequers_ecumenical_altar_simple_redux, serial_forest,
          infiniplex_forest_lined_2, infiniplex_forest_clump_small,
          infiniplex_forest_clump_long, infiniplex_forest_straight_3,
          infiniplex_forest_clump_tiny, infiniplex_forest_end_double,
          infiniplex_forest_lined_3, infiniplex_forest_straight_2,
          minmay_randomly_rotated_circles
D:4:      minmay_evil_eye
D:5:      nicolae_gozag_zags_fifth_avenue, uniq_edmund, uniq_ijyb, uniq_sigmund,
          uniq_pikel, uniq_blork_the_orc
D:6:      kennysheep_mini_moat, temple_hall, minmay_manual_mess
D:7:      kennysheep_little_box, elyvilon_altar_5
D:8:      lemuel_doored_altar, due_lair_maze_entry_diamond, uniq_erica
D:9:      okawaru_gym_becter, grunt_temple_overflow_open,
          kb_xom_exploding_sheep, enter_bailey_7, hangedman_fish_farm
Temple:   compressed_dpeg_triangle_lava_temple
Bailey:   bailey_axe_minmay_hex_keep, bailey

Skill      XL: |  1  2  3  4  5  6  7  8  9 10 |
---------------+-------------------------------+-----
Dodging        | 1 2 3 4 5 6 7 |  7.2
Armour         | 2 3 4 5 6 7 |  7.5
Unarmed Combat | 3 4 5 6 8 9 |  9.7
Fighting       | 4 5 6 7 8 |  8.5

Action                   |  1- 3 |  4- 6 |  7- 9 | 10-12 || total
-------------------------+-------+-------+-------+-------++-------
Melee: Unarmed           |   127 |   105 |   295 |   184 ||   711
       Punch             |     3 |     1 |    10 |     5 ||    19
       Headbutt          |       |     6 |       |       ||     6
Invok: Ancestor Life: Ba |       |     1 |       |       ||     1
       Recall Ancestor   |       |       |     1 |       ||     1
  Use: Scroll            |       |    12 |       |     7 ||    19
 Stab: Distracted        |       |     1 |       |     1 ||     2
  Eat: Chunk             |     1 |     6 |    12 |     6 ||    25
Armor: Leather armour    |    30 |    13 |       |       ||    43
       Scale mail        |       |    11 |   103 |    54 ||   168
Dodge: Dodged            |    74 |    49 |   144 |    93 ||   360

Table legend:
 A = Non-vault XP
 B = Vault XP
 C = Vault XP percentage of total XP
 D = Non-vault monster count
 E = Vault monster count
 F = Vault count percentage of total count
                 A         B        C        D         E       F
            +---------+---------+-------+---------+---------+-------
      Total |    5478 |    5480 |  50.0 |     204 |      92 |  31.1
            +---------+---------+-------+---------+---------+-------
        D:1 |      64 |       0 |   0.0 |      29 |       0 |   0.0
        D:2 |      53 |      12 |  18.5 |      19 |       6 |  24.0
        D:3 |     127 |       0 |   0.0 |      28 |       0 |   0.0
        D:4 |     250 |      43 |  14.7 |      13 |       2 |  13.3
        D:5 |     929 |    1130 |  54.9 |      33 |       5 |  13.2
        D:6 |     863 |     601 |  41.1 |      17 |       5 |  22.7
        D:7 |     945 |       0 |   0.0 |      23 |       0 |   0.0
        D:8 |    1798 |    2059 |  53.4 |      33 |      10 |  23.3
        D:9 |     449 |     325 |  42.0 |       9 |       5 |  35.7
     Bailey |       0 |    1310 | 100.0 |       0 |      59 | 100.0
            +---------+---------+-------+---------+---------+-------
